 Dungeon Crawl Stone Soup version 0.21.2 (console) character file.

158 toffzen the Skirmisher (level 5, -5/54 HPs)
             Began as an Ogre Transmuter on Oct 22, 2018.
             Was an Initiate of Okawaru.
             Slain by Grinder (7 damage)
             ... on level 3 of the Dungeon.
             The game lasted 00:10:55 (3732 turns).

toffzen the Skirmisher (Ogre Transmuter)            Turns: 3732, Time: 00:10:57

Health: -5/54      AC:  2    Str: 14    XL:     5   Next: 40%
Magic:  6/8        EV: 19    Int: 15    God:    Okawaru [......]
Gold:   126        SH:  0    Dex: 14    Spells: 4/8 levels left

rFire    . . .     SeeInvis .     - Unarmed
rCold    . . .     Gourm    .   (shield currently unavailable)
rNeg     . . .     Faith    .   (armour currently unavailable)
rPois    x         Spirit   .   (helmet currently unavailable)
rElec    .         Reflect  .   (cloak currently unavailable)
rCorr    .         Harm     .   (gloves unavailable)
MR       .....                  (boots unavailable)
Stlth    +.........             (no amulet)
HPRegen  0.18/turn              (no ring)
MPRegen  0.11/turn              (no ring)

@: spider-form (expiring)
A: tiny, unfitting armour
a: End Transformation, Renounce Religion


You were on level 3 of the Dungeon.
You worshipped Okawaru.
Okawaru was noncommittal.
You were hungry.
You were a venomous arachnid creature.
You visited 1 branch of the dungeon, and saw 3 of its levels.

You collected 126 gold pieces.

Inventory:

Hand Weapons
 h - a +0 hunting sling
Missiles
 a - 70 arrows
 e - 124 stones (quivered)
Armour
 b - a +0 robe (melded)
Jewellery
 f - an uncursed ring of fire
Scrolls
 i - 2 scrolls of amnesia
 j - a scroll of enchant weapon {unknown}
 o - a scroll of identify
 r - a scroll of teleportation {unknown}
 t - a scroll of fear {unknown}
Potions
 g - a potion of magic {unknown}
 k - a potion of heal wounds {unknown}
 l - a potion of brilliance {unknown}
 m - a potion of resistance {unknown}
 n - a potion of haste {unknown}
 p - a potion of cancellation {unknown}
 s - a potion of might {unknown}
 u - a potion of mutation {unknown}
Books
 c - a book of Changes

   Spells                             Type                      Level
   a - Beastly Appendage              Transmutation                1
   b - Sticks to Snakes               Transmutation                2
   c - Spider Form                    Transmutation/Poison         3
   d - Ice Form                       Ice/Transmutation            4
   e - Blade Hands                    Transmutation                5
Comestibles
 d - 3 rations
 q - 5 chunks of flesh


   Skills:
 + Level 3.7 Fighting
 + Level 2.3 Dodging
 + Level 3.6 Unarmed Combat
 - Level 2.4 Spellcasting
 - Level 2.4 Transmutations
 - Level 1.4 Poison Magic
 + Level 0.0 Invocations


You had 4 spell levels left.
You knew the following spells:

 Your Spells              Type           Power        Failure   Level  Hunger
a - Beastly Appendage     Tmut           #.....       21%         1    #......
b - Spider Form           Tmut/Pois      #.........   50%         3    ###....


Dungeon Overview and Level Annotations

Branches:
Dungeon (3/15)

Altars:
Okawaru

Annotations:
D:3 Grinder; Sigmund; asishallab's ghost, amateur GnSk


Innate Abilities, Weirdness & Mutations

You are too large for most types of armour.
((You have tough skin. (AC +1)))


Message History

Grinder completely misses you.
You hit Grinder.
Grinder is severely wounded.
Grinder says, "There's only one good use for a tongue: cutting it out."
Grinder hits you!
You writhe in agony.
You barely miss Grinder.
Grinder is severely wounded.
Grinder hits you.
You writhe in agony.
* * * LOW HITPOINT WARNING * * *
Okay, then.
You hit Grinder.
Grinder is severely wounded.
Grinder hits you!
* * * LOW HITPOINT WARNING * * *
You writhe in agony.
* * * LOW HITPOINT WARNING * * *
You hit Grinder.
Grinder is poisoned.
Grinder is almost dead.
Grinder hits you!
You die...

# .. ... ###### .... #....#
..... #....#
......####....#########
......'.......'......>#
......####s5..#############
..... ####.#............
.... #.#.########### #'#
#.#.# # #.#.# #.#.# #.#.#
###.#.# #..)..##
#.#....##########
##....)...........


You could see Grinder.

Vanquished Creatures
  A howler monkey (D:2)
  5 adders (D:2)
  A worm (D:3)
  A dart slug (D:1)
  2 leopard geckos (D:2)
  4 bats (D:1)
  7 giant cockroaches
  3 goblins
  7 hobgoblins
  4 jackals (D:1)
  6 kobolds
  2 quokkas
  3 frilled lizards (D:1)
  25 rats
71 creatures vanquished.

Notes
Turn   | Place    | Note
-------+----------+-------------------------------------------
     0 | D:1      | toffzen the Ogre Transmuter began the quest for the Orb.
     0 | D:1      | Reached XP level 1. HP: 19/19 MP: 3/3
   253 | D:1      | Reached XP level 2. HP: 28/28 MP: 5/5
   925 | D:1      | Reached XP level 3. HP: 31/36 MP: 6/6
  1007 | D:1      | Learned a level 3 spell: Spider Form
  1320 | D:1      | You fall through a shaft!
  1779 | D:2      | Reached skill level 1 in Poison Magic
  1779 | D:2      | Reached XP level 4. HP: 13/44 MP: 7/7
  2468 | D:2      | Reached XP level 5. HP: 41/53 MP: 3/8
  3059 | D:3      | Noticed asishallab's ghost (amateur GnSk)
  3206 | D:3      | Noticed Sigmund
  3516 | D:3      | Found an iron altar of Okawaru.
  3608 | D:3      | Became a worshipper of Warmaster Okawaru
  3713 | D:3      | Noticed Grinder
  3731 | D:3      | HP: 2/54 [Grinder (5)]
  3732 | D:3      | Slain by Grinder

Skill      XL: |  1  2  3  4 |
---------------+-------------+-----
Fighting       | 2 3 |  3.7
Unarmed Combat | 3 |  3.6
Transmutations | 2 |  2.4
Poison Magic   | 1 |  1.4
Dodging        | 2 |  2.3
Spellcasting   | |  2.4

Action                   |  1- 3 |  4- 6 || total
-------------------------+-------+-------++-------
Melee: Unarmed           |   166 |   142 ||   308
       Punch             |     1 |     1 ||     2
       Headbutt          |     2 |       ||     2
Throw: Stone             |       |     3 ||     3
 Cast: Beastly Appendage |     2 |     1 ||     3
       Spider Form       |       |    12 ||    12
  Use: Scroll            |     1 |     1 ||     2
       Potion            |       |     2 ||     2
  Eat: Chunk             |     3 |     4 ||     7
       Ration            |       |     1 ||     1
Armor: Robe              |    56 |    25 ||    81
Dodge: Dodged            |   109 |    82 ||   191
